 Dungeon Crawl Stone Soup version 0.29-a0-993-g4a18f31a58 (webtiles) character file.

Game seed: 2845951047149945375

169 ytrimaz the Chopper (level 5, -19/41 HPs)
             Began as a Demonspawn Berserker on Aug 3, 2022.
             Was an Initiate of Jiyva.
             Demolished by a polar bear (22 damage)
             ... created by the rage of Trog
             ... in a sewer.
             The game lasted 00:04:20 (2496 turns).

ytrimaz the Chopper (Demonspawn Berserker)          Turns: 2496, Time: 00:04:21

Health: -19/41     AC:  3    Str: 20    XL:     5   Next: 25%
Magic:  5/5        EV: 12    Int:  8    God:    Jiyva [......]
Gold:   104        SH:  0    Dex: 12    Spells: 4/4 levels left

rFire   . . .      SeeInvis .   a - +1 hand axe
rCold   . . .      Faith    .   (no shield)
rNeg    . . .      Spirit   .   b - +1 animal skin
rPois   .          Reflect  .   (no helmet)
rElec   .          Harm     .   (no cloak)
rCorr   .          Rampage  .   (no gloves)
Will    .....                   (no boots)
Stlth   +.........              (no amulet)
HPRegen 0.13/turn               (no ring)
MPRegen 0.09/turn               (no ring)

@: no status effects
A: hooves 1, demonic guardian 1
a: Renounce Religion


You were in a sewer.
You worshipped Jiyva.
Jiyva was noncommittal.
You visited 1 branch of the dungeon, and saw 3 of its levels.
You also visited: Sewer.

You collected 104 gold pieces.

Inventory:

Hand Weapons
 a - a +1 hand axe (weapon)
Missiles
 e - a throwing net (quivered)
Armour
 b - a +1 animal skin (worn)
Scrolls
 g - 2 scrolls of teleportation
 k - a scroll of identify
Potions
 c - 2 potions of lignification
 d - a potion of flight {unknown}
 f - 3 potions of resistance {unknown}
 h - 3 potions of curing
 l - a potion of invisibility {unknown}
 n - a potion of heal wounds {unknown}
 o - a potion of mutation {unknown}


   Skills:
 - Level 3.0 Fighting
 + Level 5.5 Axes
 - Level 1.7 Armour
 - Level 1.7 Dodging


You had 4 spell levels left.
You didn't know any spells.
Your spell library was empty.

Dungeon Overview and Level Annotations

Branches:
Dungeon (3/15)              Sewer (1/1)

Altars:


Innate Abilities, Weirdness & Mutations

You have large cloven feet.
A weak demonic guardian rushes to your aid.


Message History

Done exploring.
You enter the shallow water.
Moving in this stuff is going to be slow.
You enter the shallow water.
Moving in this stuff is going to be slow.
You enter the shallow water.
Moving in this stuff is going to be slow.
Trog sends monsters to punish you. 2 black bears and 4 polar bears come into view.
You can't go up here!
Unknown command.
Okay, then.
Okay, then.
As you read the scroll labelled TOPAMA PIPH, it crumbles to dust.
You hear a loud clanging noise!
It was a scroll of noise.
Unknown command.
Unknown command.
As you read the scroll labelled BEOJOHURIC, it crumbles to dust.
It is a scroll of enchant weapon.
Your +0 hand axe glows red for a moment.
The black bear bites you! The black bear claws you. x2
Unknown command.
As you read the scroll labelled HUNTYZECRE, it crumbles to dust.
You hear the tinkle of a tiny bell.
It was a scroll of butterflies.
The polar bear bites you! The polar bear misses you.
The polar bear barely misses you. The polar bear completely misses you.
The polar bear misses you. The polar bear claws you.
* * * LOW HITPOINT WARNING * * *
The polar bear closely misses you. x2; The polar bear claws you.
* * * LOW HITPOINT WARNING * * *
The black bear splashes around in the water.
The black bear closely misses you.
The black bear claws you but does no damage.
The black bear bites your butterfly!
Your butterfly dies!
Your butterfly disappears in a burst of colours!
The polar bear bites you!!
Ouch! That really hurt!
You die...

##...## ###.~.~~###
##....~.~.~##
##~~~~.#.~..~### #####
#...#######.~~~#
##.~.####~.###### ##~.~#
##.~.~h##bb~#.~~~## ##†~#
#~~~#~~h#bb.~.~~.∩## #~.~
#~.~##bh@hb...##.~~# #~~~
##~.~##bhhb~.~~##..###~.~
##~~.#bbbb##...#~.##~.~~
#.~~##..~..##.##..~~~~##
#..##.~~....###~.~~..##
####.~~.##~....~~.####
##~..~~####~~...~##
#~~.~.##..##..####
#~.~####..~#.~#


You could see 4 polar bears and 2 black bears.

Vanquished Creatures
  2 jellies (Sewer)
  3 adders
  4 dart slugs
  11 endoplasms
  7 giant cockroaches
  5 goblins
  A hobgoblin (D:1)
  2 kobolds
  4 quokkas
  9 ball pythons
  2 bats
  3 frilled lizards
  11 rats
64 creatures vanquished.

Vanquished Creatures (collateral kills)
  A dart slug (D:3)
  An orc (D:3)
  An endoplasm (Sewer)
  A frilled lizard (Sewer)
  A rat (Sewer)
5 creatures vanquished.

Grand Total: 69 creatures vanquished

Notes
Turn   | Place    | Note
-------+----------+-------------------------------------------
     0 | D:1      | ytrimaz the Demonspawn Berserker began the quest for the
                  | Orb.
     0 | D:1      | Reached XP level 1. HP: 18/18 MP: 1/1
   116 | D:1      | Reached skill level 3 in Axes
   117 | D:1      | Found a faded altar of an unknown god.
   130 | D:1      | Gained mutation: You have large cloven feet. [demonic
                  | ancestry]
   130 | D:1      | Reached XP level 2. HP: 9/24 MP: 2/2
  1036 | D:2      | Gained mutation: A weak demonic guardian rushes to your
                  | aid. [demonic ancestry]
  1036 | D:2      | Reached XP level 3. HP: 20/29 MP: 3/3
  1200 | D:2      | Reached ** piety under Trog
  1471 | D:3      | Reached skill level 4 in Axes
  1857 | D:3      | Found a glowing drain.
  1865 | D:3      | Reached XP level 4. HP: 15/35 MP: 4/4
  1890 | Sewer    | Entered a sewer
  2384 | Sewer    | Reached skill level 5 in Axes
  2384 | Sewer    | Reached XP level 5. HP: 40/41 MP: 5/5
  2403 | Sewer    | Found a viscous altar of Jiyva.
  2417 | Sewer    | Fell from the grace of Trog
  2417 | Sewer    | Became a worshipper of Jiyva Jathar the Shapeless
  2494 | Sewer    | Noticed a polar bear
  2494 | Sewer    | Noticed a polar bear
  2494 | Sewer    | Noticed a polar bear
  2494 | Sewer    | Noticed a black bear
  2494 | Sewer    | Noticed a black bear
  2494 | Sewer    | Noticed a polar bear
  2496 | Sewer    | Demolished by a polar bear

Illustrated notes

Levels and vault maps discovered:
D:1:      tarquinn_simple_flora_water_b, layout_rooms,
          hellmonk_ecumenical_altar_blasted
D:2:      layout_rooms, minmay_tetromino_t2
D:3:      layout_rooms, portal_sewer_entry_f, serial_glass, glass_columns_a,
          glass_columns_c, glass_columns_c, glass_columns_a
Sewer:    sewer_hellmonk_slimy_pipes

Skill      XL: |  1  2  3  4 |
---------------+-------------+-----
Axes           | 3 4 5 |  5.5
Fighting       | |  3.0
Armour         | |  1.7
Dodging        | |  1.7

Action                   |  1- 3 |  4- 6 || total
-------------------------+-------+-------++-------
Melee: Hand axe          |    96 |    54 ||   150
       Kick              |    15 |    11 ||    26
       Punch             |     1 |       ||     1
Invok: Berserk           |     1 |     1 ||     2
       Trog's Hand       |     1 |     1 ||     2
  Use: Scroll            |     5 |     3 ||     8
Armor: Animal skin       |    24 |    13 ||    37
Dodge: Dodged            |    81 |    55 ||   136

Table legend: (Time is in decaauts)
 A = Elapsed time spent in this place.
 B = Non-inter-level travel time spent in this place.
 C = Inter-level travel time spent in this place.
 D = Time resting spent in this place.
 E = Time spent auto-exploring this place.
 F = Levels seen in this place.
 G = Mean time per level.
                   A        B        C        D        E       F      G
               +--------+--------+--------+--------+--------+-----+--------+
         Total |   2560 |   2546 |     14 |     51 |   1936 |   4 |  640.0 |
       Dungeon |   1914 |   1900 |     14 |     15 |   1499 |   3 |  638.0 |
         Sewer |    645 |    645 |      0 |     36 |    437 |   1 |  645.0 |
               +--------+--------+--------+--------+--------+-----+--------+

Top non-repeatable levels by time:
     D:1: 825 daAuts
     D:2: 646 daAuts
   Sewer: 645 daAuts
     D:3: 442 daAuts
